Selects Advanced Infantry Battlegroup
Construct Weapon Support Center
Selects Convert to Ranger Squad
Improved M9 Bazooka Rockets
Selects Frontline Medical Station
Frontline Medical Station
Selects Ranger Weapon Training
Selects Artillery Observers
Selects M2A1 105mm Howitzer Emplacement
Selects 155mm Rapid Artillery Barrage
155mm Rapid Artillery Barrage
155mm Rapid Artillery Barrage
Frontline Medical Station
155mm Rapid Artillery Barrage
155mm Rapid Artillery Barrage
155mm Rapid Artillery Barrage
155mm Rapid Artillery Barrage
M18 Hellcat Tank Destroyer
M18 Hellcat Tank Destroyer
M18 Hellcat Tank Destroyer
155mm Rapid Artillery Barrage